 Dungeon Crawl Stone Soup version 0.21.1-1-g345015f (webtiles) character file.

41834 HammerPanzer the Fencer (level 13, 0/124 HPs)
             Began as a Yellow Draconian Berserker on Apr 5, 2018.
             Was a High Priest of Trog.
             Killed from afar by an electric eel (3 damage)
             ... with a bolt of electricity
             ... on level 15 of the Dungeon.
             The game lasted 00:58:27 (18870 turns).

HammerPanzer the Fencer (DrBe)                     Turns: 18870, Time: 00:58:28

Health: 0/124      AC: 11    Str: 22    XL:     13   Next: 82%
Magic:  4/4        EV: 15    Int:  8    God:    Trog [*****.]
Gold:   1084       SH:  0    Dex: 13    Spells: 12/12 levels left

rFire    + . .     SeeInvis .   Y - +4 triple sword (antimagic)
rCold    + . .     Gourm    .   (shield currently unavailable)
rNeg     . . .     Faith    .   (armour unavailable)
rPois    .         Spirit   .   (helmet restricted)
rElec    .         Reflect  .   X - scarf {rC+ rF+}
rCorr    +         Harm     .   D - +1 pair of gloves
MR       +....                  u - +0 pair of boots
Stlth    +.........             q - amulet of rage
HPRegen  0.30/turn              o - +3 ring of evasion
MPRegen  0.09/turn              F - ring of protection from magic

@: berserk cooldown, very slightly contaminated, drained
A: spit acid, acid resistance, unfitting armour, cold-blooded, AC +8
a: Breathe Acid, Berserk, Trog's Hand, Brothers in Arms, Burn Spellbooks,
Renounce Religion, Evoke Berserk Rage


You were on level 15 of the Dungeon.
You worshipped Trog.
Trog was extremely pleased with you.
You were hungry.

You visited 1 branch of the dungeon, and saw 15 of its levels.
You also visited: Sewer.

You collected 1129 gold pieces.
You spent 45 gold pieces at shops.

Inventory:

Hand Weapons
 d - the +8 whip "Orb Guardian's Regret" {flame, Int+4 Dex+2}
   (You found it on level 8 of the Dungeon)

   It has been specially enchanted to burn those struck by it, causing extra
   injury to most foes and up to half again as much damage against particularly
   susceptible opponents.
   It affects your intelligence (+4).
   It affects your dexterity (+2).
 w - a +6 antimagic lajatang
 C - a +2 triple sword of venom
 I - a +4 scimitar of flaming
 O - a +6 great sword of electrocution
 T - a +0 falchion of holy wrath
 V - a +1 long sword of draining
 Y - a +4 antimagic triple sword (weapon)
Missiles
 a - 3 silver javelins
 t - 8 tomahawks (quivered)
Armour
 n - a +0 buckler
 p - a scarf of cloud immunity
 r - a +1 cloak
 u - a +0 pair of boots (worn)
 D - a +1 pair of gloves (worn)
 X - a scarf of resistance (worn)
Jewellery
 f - an uncursed ring of stealth
 h - an uncursed ring of flight
 o - a +3 ring of evasion (left hand)
 q - an amulet of rage (around neck)
 F - a ring of protection from magic (right hand)
 J - an uncursed ring of protection from fire
Wands
 j - a wand of flame (17)
 G - a wand of random effects (18)
 H - a wand of acid (13)
 K - a wand of iceblast (4)
 R - a wand of enslavement (13)
 W - a wand of disintegration (17)
Scrolls
 g - 3 scrolls of teleportation
 i - 8 scrolls of enchant weapon
 l - 5 scrolls of identify
 A - 6 scrolls of remove curse
 B - a scroll of enchant armour
 E - 2 scrolls of magic mapping
 M - a scroll of immolation
 Q - a scroll of fog
Potions
 c - 3 potions of brilliance
 e - 10 potions of flight
 k - 3 potions of lignification
 s - a potion of agility
 v - a potion of mutation
 z - a potion of might
 L - a potion of haste
 N - a potion of magic
 P - a potion of ambrosia {unknown}
Books
 m - a book of Callings

   Spells                             Type                      Level
   a - Summon Small Mammal            Summoning                    1
   b - Call Imp                       Summoning                    2
   c - Call Canine Familiar           Summoning                    3
   d - Summon Guardian Golem          Hexes/Summoning              3
   e - Summon Lightning Spire         Summoning/Air                4
   f - Summon Ice Beast               Ice/Summoning                4
   Trog disapproves of the use of such an item.
 x - a book of Misfortune

   Spells                             Type                      Level
   a - Confusing Touch                Hexes                        1
   b - Confuse                        Hexes                        3
   c - Gell's Gravitas                Translocation                3
   d - Petrify                        Transmutation/Earth          4
   e - Metabolic Englaciation         Hexes/Ice                    5
   f - Yara's Violent Unravelling     Hexes/Transmutation          5
   Trog disapproves of the use of such an item.
 y - a book of Frost

   Spells                             Type                      Level
   a - Freeze                         Ice                          1
   b - Throw Frost                    Conjuration/Ice              2
   c - Ozocubu's Armour               Charms/Ice                   3
   d - Throw Icicle                   Conjuration/Ice              4
   e - Summon Ice Beast               Ice/Summoning                4
   Trog disapproves of the use of such an item.
 S - a book of Changes

   Spells                             Type                      Level
   a - Beastly Appendage              Transmutation                1
   b - Sticks to Snakes               Transmutation                2
   c - Spider Form                    Transmutation/Poison         3
   d - Ice Form                       Ice/Transmutation            4
   e - Blade Hands                    Transmutation                5
   Trog disapproves of the use of such an item.
Comestibles
 b - 28 rations
 Z - 4 chunks of flesh


   Skills:
 + Level 14.0(12.9) Fighting
 * Level 17.2(15.9) Long Blades
 + Level 9.9(8.8) Maces & Flails
 - Level 2.6(1.8) Dodging


You had 12 spell levels left.
You didn't know any spells.

Dungeon Overview and Level Annotations

Branches:
Dungeon (15/15)            Temple (0/1) D:6            Lair (0/6) D:8
    Orc (0/2) D:12         Vaults (0/5) D:13
 Depths: D:15

Altars:
Ashenzari
Cheibriados
Dithmenos
Elyvilon
Fedhas
Gozag
Hepliaklqana
Kikubaaqudgha
Makhleb
Okawaru
Qazlal
Ru
The Shining One

Shops:
D:8 *   D:11 :   D:13 %


Innate Abilities, Weirdness & Mutations

You can spit globs of acid.
You are resistant to acid.
Your golden yellow scales are hard. (AC +8)
You cannot fit into any form of body armour.
You are cold-blooded and may be slowed by cold attacks.


Message History

Okay, then.
You enter a teleport trap!
The teleport trap disappears.
Your surroundings suddenly seem different.
An electric eel comes into view.
The electric eel shoots out a bolt of lightning at you!
The bolt of electricity hits the plant.
The bolt of electricity hits you!
* * * LOW HITPOINT WARNING * * *
The bolt of electricity hits you!
* * * LOW HITPOINT WARNING * * *
The electric eel shoots out a bolt of lightning at you!
The bolt of electricity hits the plant.
The plant is destroyed!
The bolt of electricity hits you!
* * * LOW HITPOINT WARNING * * *
The bolt of electricity hits you!
* * * LOW HITPOINT WARNING * * *
You feel yourself speed up.
The electric eel shoots out a bolt of lightning at you!
The bolt of electricity hits the plant. x2; The bolt of electricity hits you!
You die...

########
##......#####..#
.............#.
.......@.≈≈≈PP#
........PP≈≈PPP.
.........P≈≈≈PP≈
.........≈♣;≈≈PP
........P≈♣♣≈♣P.
......#≈≈≈≈ ♣≈≈≈
....##.P≈♣♣P ≈≈
H... P≈♣P


PP You could see a manticore (wandering) and an electric eel.

Vanquished Creatures
  A stone giant (D:12)
  A fire dragon (D:15)
  2 hydras
  Erolcha (D:11)
  2 centaur warriors
  8 two-headed ogres
  Erica (D:9)
  An ogre mage (D:12)
  2 death knights
  The ghost of Shinoi the Basher, a journeyman VSFi of the Shining One (D:11)
  Sonja (D:10)
  3 skeletal warriors (D:11)
  A wizard (D:12)
  A phantasmal warrior (D:13)
  A necromancer (D:13)
  Pikel (D:7)
  A manticore (D:14)
  A wolf spider (D:12)
  4 ugly things
  A deep elf mage (D:13)
  5 cyclopes
  Joseph (D:8)
  2 centaur zombies
  A gargoyle (D:12)
  4 freezing wraiths
  A komodo dragon (D:13)
  3 meliai (D:13)
  A troll (shapeshifter) (D:11)
  5 trolls
  2 hornets (D:13)
  Grinder (Sewer)
  6 slime creatures (D:15)
  2 hippogriffs
  2 shadows
  A vampire (D:13)
  2 wraiths
  A tarantella (shapeshifter) (D:15)
  4 hogs (D:7)
  A wyvern (D:14)
  Eustachio (D:6)
  22 yaks
  A human (D:7)
  Edmund (D:6)
  2 acid dragons (D:14)
  2 water moccasins
  3 hell hounds (D:11)
  A black bear (D:6)
  An ice beast (D:5)
  4 ogres
  2 orc warriors
  4 phantoms
  19 centaurs
  2 crocodiles
  5 big kobolds
  8 bullfrogs
  A wyvern zombie (D:12)
  A water moccasin zombie (D:9)
  5 scorpions
  6 howler monkeys
  11 killer bees
  3 wights (D:11)
  A bullfrog zombie (D:12)
  3 crimson imps
  4 hounds
  6 centaur skeletons
  5 jellies
  A quasit (Sewer)
  Crazy Yiuf (D:6)
  5 orc priests
  A bullfrog skeleton (D:11)
  3 iguanas
  15 orc wizards
  10 worker ants
  A killer bee zombie (D:10)
  2 big kobold zombies (Sewer)
  5 hound skeletons
  4 worker ant zombies
  3 gnolls (D:4)
  A howler monkey skeleton (D:5)
  17 adders
  2 river rats (D:6)
  13 shadow imps
  A white imp (D:4)
  8 ufetubi (Sewer)
  3 oozes
  An adder zombie (D:10)
  2 adder skeletons
  7 worms
  3 dart slugs
  6 leopard geckos
  51 orcs
  9 bats
  A bat zombie (Sewer)
  8 giant cockroaches
  10 goblins
  10 hobgoblins
  8 jackals
  18 kobolds
  2 quokkas
  2 ball pythons
  4 frilled lizards
  2 goblin skeletons (D:4)
  A goblin zombie (D:4)
  3 hobgoblin zombies (D:4)
  A kobold skeleton (D:4)
  4 kobold zombies (Sewer)
  2 orc skeletons (D:4)
  2 orc zombies (D:4)
  A quokka zombie (D:5)
  8 rats
466 creatures vanquished.

Vanquished Creatures (others)
  A slave (D:7)
  An orc wizard (D:6)
  2 oozes (Sewer)
  A fungus (D:7)
  8 plants (D:15)
13 creatures vanquished.

Grand Total: 479 creatures vanquished

Notes
Turn   | Place    | Note
-------+----------+-------------------------------------------
     0 | D:1      | HammerPanzer the Draconian Berserker began the quest for the Orb.
     0 | D:1      | Reached XP level 1. HP: 19/19 MP: 1/1
   258 | D:1      | Reached XP level 2. HP: 25/26 MP: 2/2
   643 | D:1      | Reached XP level 3. HP: 13/33 MP: 3/3
   882 | D:1      | Reached ** piety under Trog
  1166 | D:2      | Reached skill level 4 in Long Blades
  1287 | D:2      | Reached XP level 4. HP: 38/40 MP: 4/4
  1712 | D:2      | Found an opulent altar of Gozag.
  1820 | D:2      | Found an ancient bone altar of Kikubaaqudgha.
  1824 | D:2      | Found a white marble altar of Elyvilon.
  1824 | D:2      | Found a shattered altar of Ashenzari.
  1824 | D:2      | Found a hazy altar of Hepliaklqana.
  1826 | D:2      | Found an iron altar of Okawaru.
  1828 | D:2      | Found a burning altar of Makhleb.
  1833 | D:2      | Found a snail-covered altar of Cheibriados.
  2329 | D:3      | Reached skill level 5 in Long Blades
  2356 | D:3      | Reached XP level 5. HP: 43/47 MP: 5/5
  2366 | D:3      | Found a sacrificial altar of Ru.
  2681 | D:4      | Noticed a phantom
  2694 | D:4      | Killed a phantom
  2889 | D:4      | Found a shadowy altar of Dithmenos.
  2905 | D:4      | Reached skill level 5 in Fighting
  2905 | D:4      | Reached XP level 6. HP: 48/56 MP: 6/6
  2986 | D:4      | Reached skill level 6 in Long Blades
  3238 | D:4      | Found a stormy altar of Qazlal.
  3344 | D:4      | Reached *** piety under Trog
  3373 | D:4      | Your scales start taking on a golden yellow colour.
  3373 | D:4      | Reached XP level 7. HP: 17/62 MP: 7/7
  3641 | D:4      | Found a glowing golden altar of the Shining One.
  4027 | D:5      | Entered Level 5 of the Dungeon
  4090 | D:5      | Reached skill level 7 in Long Blades
  4469 | D:5      | Reached skill level 8 in Long Blades
  4958 | D:6      | Found a staircase to the Ecumenical Temple.
  5002 | D:6      | Noticed a troll
  5009 | D:6      | Reached XP level 8. HP: 66/71 MP: 8/8
  5013 | D:6      | Killed a troll
  5229 | D:6      | Found an opulent altar of Gozag.
  5230 | D:6      | Noticed Edmund
  5237 | D:6      | Killed Edmund
  5237 | D:6      | Reached **** piety under Trog
  5237 | D:6      | Reached skill level 9 in Long Blades
  5260 | D:6      | Found a runed door.
  5382 | D:6      | Found a glowing drain.
  5408 | Sewer    | Entered a sewer
  5729 | Sewer    | Found a burning altar of Makhleb.
  5764 | Sewer    | Noticed Grinder
  5787 | Sewer    | Killed Grinder
  5787 | Sewer    | Reached skill level 10 in Long Blades
  5898 | Sewer    | Reached XP level 9. HP: 79/81 MP: 9/9
  6489 | D:6      | Noticed Eustachio
  6541 | D:6      | Killed Eustachio
  6784 | D:6      | Reached ***** piety under Trog
  7092 | D:6      | Noticed Crazy Yiuf
  7096 | D:6      | Killed Crazy Yiuf
  7319 | D:7      | Noticed Pikel
  7336 | D:7      | Killed Pikel
  7336 | D:7      | Reached skill level 11 in Long Blades
  7699 | D:7      | Found a blossoming altar of Fedhas.
  7774 | D:7      | Reached skill level 12 in Long Blades
  7774 | D:7      | Reached XP level 10. HP: 85/92 MP: 10/10
  8222 | D:8      | Noticed a five-headed hydra
  8232 | D:8      | Noticed a death knight
  8250 | D:8      | Killed a ten-headed hydra
  8250 | D:8      | Reached skill level 10 in Fighting
  8722 | D:8      | Killed a death knight
  8796 | D:8      | Found a staircase to the Lair.
  8865 | D:8      | Received a gift from Trog
  8876 | D:8      | Reached skill level 13 in Long Blades
  8913 | D:8      | Got an iridescent whip
  9108 | D:8      | Found Toemoez's General Store.
  9123 | D:8      | Bought a scroll of remove curse for 45 gold pieces
  9123 | D:8      | Identified the +8 whip "Orb Guardian's Regret" {flame, Int+4 Dex+2} (You found it on level 8 of the Dungeon)
  9200 | D:8      | Noticed Joseph
  9218 | D:8      | Killed Joseph
  9218 | D:8      | Reached skill level 1 in Maces & Flails
  9531 | D:9      | Noticed a two-headed ogre
  9548 | D:9      | Killed a two-headed ogre
  9623 | D:9      | Noticed a two-headed ogre
  9633 | D:9      | Killed a two-headed ogre
  9633 | D:9      | Reached XP level 11. HP: 15/102 MP: 11/11
 10061 | D:9      | Noticed Erica
 10081 | D:9      | Killed Erica
 10437 | D:9      | Reached skill level 5 in Maces & Flails
 11037 | D:10     | Entered Level 10 of the Dungeon
 11315 | D:10     | Noticed Sonja
 11320 | D:10     | Killed Sonja
 11320 | D:10     | Reached skill level 14 in Long Blades
 11920 | D:11     | Noticed Shinoi's ghost (journeyman VSFi)
 11927 | D:11     | Killed Shinoi's ghost
 12184 | D:11     | Noticed a brown ugly thing
 12188 | D:11     | Killed a brown ugly thing
 12397 | D:11     | Reached XP level 12. HP: 95/112 MP: 12/12
 12404 | D:11     | Received a gift from Trog
 13110 | D:11     | Reached skill level 15 in Long Blades
 13285 | D:11     | Found Nuorezi's Book Shop.
 13286 | D:11     | Noticed Erolcha
 13297 | D:11     | Killed Erolcha
 13498 | D:12     | Noticed a two-headed ogre
 13504 | D:12     | Killed a two-headed ogre
 13623 | D:12     | Found a staircase to the Orcish Mines.
 13780 | D:12     | Noticed a two-headed ogre
 13785 | D:12     | Killed a two-headed ogre
 13817 | D:12     | Noticed an ogre mage
 13818 | D:12     | Noticed a seven-headed hydra
 13818 | D:12     | Noticed a centaur warrior
 13820 | D:12     | Noticed a stone giant
 13829 | D:12     | Killed a four-headed hydra
 13836 | D:12     | Killed a stone giant
 13843 | D:12     | Killed a centaur warrior
 13853 | D:12     | Killed an ogre mage
 14420 | D:12     | Received a gift from Trog
 14420 | D:12     | Reached skill level 16 in Long Blades
 14600 | D:12     | Reached XP level 13. HP: 82/122 MP: 13/13
 15057 | D:12     | Received a gift from Trog
 16468 | D:13     | Found a gate to the Vaults.
 16776 | D:13     | Found Vof Baun's Food Shoppe.
 16972 | D:13     | Found a shadowy altar of Dithmenos.
 17954 | D:14     | Received a gift from Trog
 17954 | D:14     | Reached skill level 17 in Long Blades
 18292 | D:15     | Entered Level 15 of the Dungeon
 18319 | D:15     | Reached ****** piety under Trog
 18839 | D:15     | Noticed a fire dragon
 18855 | D:15     | Killed a fire dragon
 18869 | D:15     | HP: 5/124 [electric eel/bolt of electricity (5)]
 18870 | D:15     | Killed from afar by an electric eel

Skill      XL: |  1  2  3  4  5  6  7  8  9 10 11 12 13 |
---------------+----------------------------------------+-----
Long Blades    | 4 5 6 8 10 12 13 14 16 17 | 17.2
Fighting       | 4 5 6 8 9 11 12 13 14 | 14.0
Maces & Flails | 3 6 8 9 |  9.9
Dodging        | |  2.6

Action                   |  1- 3 |  4- 6 |  7- 9 | 10-12 | 13-15 || total
-------------------------+-------+-------+-------+-------+-------++-------
Melee: Falchion          |    83 |   159 |   408 |   104 |     5 ||   759
       Tailslap          |    10 |    27 |    63 |   103 |    62 ||   265
       Whip              |       |       |       |    68 |       ||    68
       Scimitar          |       |       |       |   393 |   204 ||   597
       Great sword       |       |       |       |    11 |       ||    11
       Triple sword      |       |       |       |       |    91 ||    91
Invok: Berserk           |     1 |     4 |     9 |    13 |     6 ||    33
 Abil: Breathe Acid      |       |       |    15 |    14 |     3 ||    32
Evoke: Wand              |       |       |       |       |     6 ||     6
  Use: Scroll            |     4 |     6 |     9 |     7 |     5 ||    31
       Potion            |       |       |     3 |     8 |       ||    11
 Stab: Sleeping          |       |     4 |     5 |     1 |     1 ||    11
       Distracted        |       |       |     1 |     2 |       ||     3
  Eat: Chunk             |     2 |     6 |    18 |    32 |    12 ||    70
       Ration            |       |     1 |     2 |     2 |     2 ||     7
Armor: Skin              |    24 |    47 |    86 |   110 |    84 ||   351
Dodge: Dodged            |    65 |    66 |   251 |   313 |   208 ||   903
Block: Buckler           |       |       |    43 |    26 |    13 ||    82
       Rpst.: Falchion   |    17 |    22 |    76 |    28 |     1 ||   144
       Scimitar          |       |       |       |    43 |    29 ||    72
       Great sword       |       |       |       |     1 |       ||     1
       Triple sword      |       |       |       |       |    12 ||    12
